 Dungeon Crawl Stone Soup version 0.32-a0-136-gc02482bde3 (webtiles) character file.

Game seed: 7150531497989874865

55434 cforsyth the Warrior (level 15, -37/126 HPs)
             Began as a Djinni Hexslinger on Feb 10, 2024.
             Annihilated by an orc warlord
             ... wielding a +0 bardiche
              (51 damage)
             ... on level 2 of the Orcish Mines on Feb 11, 2024.
             The game lasted 00:55:00 (21313 turns).

cforsyth the Warrior (Djinni Hexslinger)           Turns: 21313, Time: 00:55:04

Health: -37/126    AC: 15    Str: 10    XL:     15   Next: 18%
Gold:   1876       EV: 12    Int: 23    God:
                   SH:  0    Dex: 14

rFire   + + .        a - +10 hand axe of the Six Queens {heavy, +Blink rC+ Int+3 Dex-4}
rCold   + . .        (no shield)
rNeg    . . .        v - +3 troll leather armour {Pargi}
rPois   ∞            F - +0 helmet
rElec   +            L - +2 cloak {rCorr}
rCorr   +            P - +0 pair of gloves
SInv    .            (boots unavailable)
Will    ++...        D - amulet "Cararch" {Regen+ MP+9 Str+3 Stlth+}
Stlth   ++           U - ring "Uzode" {rElec Will+ AC+4}
HPRegen 2.01/turn    C - ring of protection from cold
MPRegen 0.00/turn

%: infuse magic (-38 HP)
@: flying
A: sickness immunity, fire resistance 2, cold vulnerability 1, float, innate
caster, HP casting, extra vitality 1
a: Evoke Blink


You were on level 2 of the Orcish Mines.
You visited 4 branches of the dungeon, and saw 20 of its levels.
You also visited: Sewer and Ossuary.

You collected 2440 gold pieces.
You spent 564 gold pieces at shops.


Innate Abilities, Weirdness & Mutations

You are immune to sickness and miasma.
You are immune to poison.
Your flesh is very heat resistant. (rF++)
You are vulnerable to cold. (rC-)
You float through the air rather than walking.
You learn spells naturally, not from books.
Your magical power is your life essence.
You have superior vitality. (+4 MHP)


   Skills:
 + Level 18.2 Fighting
 - Level 1.5 Ranged Weapons
 - Level 2.1 Dodging
 + Level 14.2 Spellcasting
 + Level 14.2 Conjurations
 + Level 14.2 Hexes
 + Level 14.2 Summonings
 + Level 14.2 Necromancy
 + Level 14.2 Translocations
 + Level 14.2 Fire Magic
 + Level 14.2 Ice Magic
 + Level 14.2 Air Magic
 + Level 14.2 Earth Magic
 + Level 14.2 Alchemy


You knew the following spells:

 Your Spells              Type           Power      Damage    Failure   Level
a - Momentum Strike       Conj/Tloc      100%       3d10      1%          2
b - Flame Wave            Conj/Fire      69%        2d16      1%          4
c - Cause Fear            Hex            34%        N/A       1%          4
e - Ensorcelled Hibernat  Hex/Ice        100%       N/A       1%          2
f - Inner Flame           Hex/Fire       69%        N/A       1%          3
s - Sculpt Simulacrum     Ice/Alch       34%        N/A       2%          6
t - Confusing Touch       Hex            69%        N/A       1%          3
v - Summon Mana Viper     Hex/Summ       69%        N/A       1%          5
x - Foxfire               Conj/Fire      100%       2x1d9     0%          1
X - Jinxbite              Hex            100%       N/A       1%          2
Y - Sigil of Binding      Hex            69%        N/A       1%          3
Z - Dimensional Bullseye  Hex/Tloc       34%        N/A       1%          4
Your spell library was empty.

Inventory:

Hand Weapons
 a - the +10 hand axe of the Six Queens (weapon) {heavy, +Blink rC+ Int+3 Dex-4}
   (You found it in a sewer)

   Int+3:     It affects your intelligence (+3).
   Dex-4:     It affects your dexterity (-4).
   rC+:       It protects you from cold.
   +Blink:    It lets you blink.
 m - the +4 quarterstaff "Lifebane" {flame, rElec Int+3}
   (You found it on level 1 of the Lair of Beasts)

   Int+3:     It affects your intelligence (+3).
   rElec:     It insulates you from electricity.
Armour
 v - a +3 troll leather armour (worn) {Pargi}
 F - a +0 helmet (worn)
 L - a +2 cloak of preservation (worn)
 P - a +0 pair of gloves (worn)
 R - the +1 ring mail of the Bulwark {Will+}
   (You bought it in a shop on level 10 of the Dungeon)

   Will+:     It increases your willpower.
Magical Staves
 A - a staff of fire {!a}
 I - a staff of air {!a}
Jewellery
 z - a ring of wizardry
 C - a ring of protection from cold (right hand)
 D - the amulet "Cararch" (around neck) {Regen+ MP+9 Str+3 Stlth+}
   (You acquired it on level 1 of the Lair of Beasts)

   [amulet of regeneration]

   Str+3:     It affects your strength (+3).
   MP+9:      It affects your magic capacity (+9).
   Regen+:    It increases your rate of health regeneration.
   Stlth+:    It makes you more stealthy.
 E - a +5 ring of evasion
 N - a ring of positive energy
 S - a +6 ring of strength
 U - the ring "Uzode" (left hand) {rElec Will+ AC+4}
   (You acquired it on level 4 of the Lair of Beasts)

   [ring of protection]

   AC+4:      It affects your AC (+4).
   rElec:     It insulates you from electricity.
   Will+:     It increases your willpower.
 W - a ring of willpower
 Z - a ring of wizardry
Wands
 d - a wand of acid (20)
 q - a wand of roots (23)
 x - a wand of mindburst (12)
 J - a wand of flame (2)
 M - a wand of digging (2)
 T - a wand of paralysis (14)
Scrolls
 b - 4 scrolls of poison
 e - 2 scrolls of enchant armour
 f - 3 scrolls of noise
 j - 3 scrolls of fear
 r - 7 scrolls of teleportation {@r2}
 u - a scroll of summoning
 y - 5 scrolls of fog
 G - a scroll of immolation
 H - a scroll of blinking
 O - 3 scrolls of revelation
 V - 4 scrolls of vulnerability
 X - a scroll of enchant weapon
 Y - 2 scrolls of identify {@r1}
Potions
 g - 4 potions of enlightenment
 h - 3 potions of might
 i - 4 potions of berserk rage {!q}
 k - 12 potions of curing {@q1}
 l - 3 potions of ambrosia
 n - 4 potions of haste {@q3}
 o - 2 potions of invisibility
 p - 2 potions of attraction
 s - 8 potions of heal wounds {@q2}
 t - 3 potions of resistance
 w - 2 potions of mutation
 B - 2 potions of cancellation
 K - a potion of lignification
 Q - 3 potions of brilliance

Dungeon Overview and Level Annotations

Branches:
Dungeon (12/15)            Temple (1/1) D:5            Lair (5/5) D:11
 Shoals (0/4) Lair:2        Snake (0/4) Lair:3        Slime (0/5) Lair:5
    Orc (2/2) D:10          Sewer (visited)         Ossuary (visited)
    Elf: Orc:2

Altars:
Ashenzari
Cheibriados
Dithmenos
Elyvilon
Fedhas
Gozag
Hepliaklqana
Makhleb
Nemelex Xobeh
Okawaru
Qazlal
Ru
Trog
Uskayaw
Wu Jian
Xom
Yredelemnul
Zin
The Shining One
Jiyva

Shops:
D:6 (!!!   D:8 *   D:10 [=(([   D:11 *?

Annotations:
D:7 3 runed translucent doors, Vadun's ghost, novice TrMo
Lair:1 3 runed translucent doors, BubbleThief's ghost, novice NaCA; olmar's ghost, journeyman DsSh; whatisthis's ghost, journeyman SpHu
Orc:1 3 runed translucent doors, Pooter's ghost, novice MiBe
Orc:2 Saint Roka

#.......#.....$......
#...o...#.)).........
##........))..........
#....o$....##.........
#.........#...
##o§.o........
##..☼o☼...#
#...S.[.#.#
#..§#@§#...#
##..§§§....#
#.....#..##
#........#.#
##..........#
.....#..#.#.
##.####.#### ## ..


You could see Saint Roka (strong), an orc warlord (inner flame, strong,
corroded, ally target), an orc warrior (strong), an orc priest (strong), an orc
(strong) and a friendly mana viper (summoned).


Message History

Unknown command.
Casting: Foxfire (safe; 0% risk of failure)
Confirm with . or Enter, or press ? or * to list all spells.
You conjure some foxfire!
* * * LOW HITPOINT WARNING * * *
The foxfire hits the orc warlord.
Flame seeps out of the orc warlord.
The orc warlord is moderately wounded.
The foxfire hits the orc warlord!
Flame seeps out of the orc warlord.
The orc warlord is moderately wounded.
Your mana viper bites the orc warlord!
Flame seeps out of the orc warlord.
The orc warlord is engulfed in blazing flames.
Flame seeps out of the orc warlord.
The orc warlord hits you from afar with a +0 bardiche!!!
* * * LOW HITPOINT WARNING * * *
Your mana viper bites the orc warlord.
Flame seeps out of the orc warlord.
Saint Roka invokes the aid of Beogh against you.
Beogh smites you!
* * * LOW HITPOINT WARNING * * *
Unknown command.
Unknown command.
Unknown command.
Unknown command.
The foxfire hits the orc warlord but does no damage.
The orc warlord is heavily wounded.
The foxfire hits the orc warlord.
Flame seeps out of the orc warlord.
The orc warlord is heavily wounded.
The orc warlord is engulfed in blazing flames.
Flame seeps out of the orc warlord.
The orc warlord hits you from afar with a +0 bardiche!!!
You die...

Skill      XL: |  1  2  3  4  5  6  7  8  9 10 11 12 13 14 15 |
---------------+----------------------------------------------+-----
Spellcasting   | 3 4 5 6 7 9 10 11 12 14 | 14.2
Conjurations   | 3 4 5 6 7 9 10 11 12 14 | 14.2
Hexes          | 3 4 5 6 7 9 10 11 12 14 | 14.2
Summonings     | 3 4 5 6 7 9 10 11 12 14 | 14.2
Necromancy     | 3 4 5 6 7 9 10 11 12 14 | 14.2
Translocations | 3 4 5 6 7 9 10 11 12 14 | 14.2
Fire Magic     | 3 4 5 6 7 9 10 11 12 14 | 14.2
Ice Magic      | 3 4 5 6 7 9 10 11 12 14 | 14.2
Air Magic      | 3 4 5 6 7 9 10 11 12 14 | 14.2
Earth Magic    | 3 4 5 6 7 9 10 11 12 14 | 14.2
Alchemy        | 3 4 5 6 7 9 10 11 12 14 | 14.2
Fighting       | 2 3 4 5 7 9 11 13 14 16 17 18 | 18.2
Ranged Weapons | |  1.5
Dodging        | |  2.1

Action                     |  1- 3 |  4- 6 |  7- 9 | 10-12 | 13-15 || total
---------------------------+-------+-------+-------+-------+-------++-------
  Melee: Sling             |     2 |       |       |       |       ||     2
         Hand axe          |       |       |   116 |    31 |    23 ||   170
         Punch             |       |       |    10 |     4 |     1 ||    15
   Fire: Sling             |    38 |     3 |       |       |       ||    41
   Cast: Foxfire           |    52 |   150 |   103 |   480 |   715 ||  1500
         Inner Flame       |       |    10 |    35 |   112 |   169 ||   326
         Cause Fear        |       |       |       |     4 |       ||     4
         Flame Wave        |       |       |       |    16 |     1 ||    17
         Ensorcelled Hiber |       |       |       |     2 |       ||     2
         Summon Mana Viper |       |       |       |       |    71 ||    71
  Evoke: Wand              |       |       |       |     9 |     2 ||    11
    Use: Potion            |     1 |       |       |     1 |       ||     2
         Scroll            |       |       |    18 |    12 |     5 ||    35
 Armour: Robe              |     8 |    12 |       |       |       ||    20
         Troll leather arm |       |       |   163 |   314 |   414 ||   891
  Dodge: Dodged            |    12 |    13 |   123 |   153 |   185 ||   486

Levels and vault maps discovered:
D:1:      ebering_trefoil_twist, layout_basic, serial_corexii_hall,
          chequers_hall_statues_corner_a, corexii_hall_statues_l,
          corexii_hall_statues_s, chequers_hall_statues_wall_a,
          chequers_hall_statues_y, corexii_hall_statues_l,
          chequers_serial_rivers_small_a
D:2:      layout_rooms, minmay_misc_feat_columns
D:3:      layout_rooms, hellmonk_ghost_happy_afterlife
D:4:      layout_basic, gammafunk_ghost_mausoleum, portal_sewer_entry_e
D:5:      layout_gridville, minmay_temple_entry_nine_rooms,
          kennysheep_cross_room
D:6:      layout_loops_corners, serial_shops, nicolae_shop_crystal,
          nicolae_take_the_stairs, nicolae_shop_crystal, shop_statue
D:7:      layout_layer_cave, minmay_overflow_temple_star_quad,
          nicolae_ossuary_entry_catacombs, ebering_ghost_rock_garden,
          due_unseen_surprise
D:8:      layout_basic, nicolae_shop_sticking_my_neck_out
D:9:      layout_cave_pools, nicolae_nh_ransacked_shop, uniq_psyche
D:10:     layout_cross, david_orc_5, serial_shops, shop, shop, shop,
          nicolae_shop_behind_doors, nicolae_shop_gaudy_bauble,
          corexii_checkpoint, nicolae_water_bricks, eino_jars
D:11:     layout_basic, david_lair_generic, serial_bayou, serial_bayou_pond_c,
          serial_bayou_pond_a, serial_bayou_ford_a, serial_bayou_pond_e,
          serial_shops, shop, guppyfry_shop_venom
D:12:     layout_rooms, fungi_pond_lemuel, nicolae_wwwww, lemuel_flamethrower_1
Temple:   compressed_dpeg_triangle_lava_temple
Lair:1:   layout_roguey, gammafunk_ghost_cemetery
Lair:2:   beast_lair_carwin_large_3, layout_misc_corridors,
          mainiacjoe_shoals_entry_four_pools, lemuel_fruit_fields,
          infiniplex_staircase_pool_2
Lair:3:   layout_big_grid, guppyfry_snake_entry_island, grunt_megastairs_3
Lair:4:   layout_roguey [special_room_mythical_zoo]
Lair:5:   guppyfry_lair_end_dragon, layout_regular_city, wormcave,
          nicolae_slime_entry_field_trip, minmay_hedge_maze,
          bobbens_dragon_lair_wall, grunt_megastairs_5
Orc:1:    layout_caves, gammafunk_ghost_fury_of_okawaru
Orc:2:    st_orc_elflike, layout_caves, serial_shops, nicolae_shop_hallway_plus,
          uniq_saint_roka

Notes
Turn   | Place    | Note
-------+----------+-------------------------------------------
     0 | D:1      | cforsyth the Djinni Hexslinger began the quest for the Orb.
     0 | D:1      | cforsyth set off with the following spells memorised:
                  | Jinxbite, Sigil of Binding, Inner Flame, Cause Fear,
                  | Dimensional Bullseye.
     0 | D:1      | Reached XP level 1. HP: 17/17 MP: 0/0
   273 | D:1      | Reached XP level 2. HP: 22/22 MP: 0/0
   650 | D:1      | Reached skill level 3 in Spellcasting
   650 | D:1      | Reached skill level 3 in Conjurations
   650 | D:1      | Reached skill level 3 in Hexes
   650 | D:1      | Reached skill level 3 in Summonings
   650 | D:1      | Reached skill level 3 in Necromancy
   650 | D:1      | Reached skill level 3 in Translocations
   650 | D:1      | Reached skill level 3 in Fire Magic
   650 | D:1      | Reached skill level 3 in Ice Magic
   650 | D:1      | Reached skill level 3 in Air Magic
   650 | D:1      | Reached skill level 3 in Earth Magic
   650 | D:1      | Reached skill level 3 in Alchemy
   672 | D:1      | Reached skill level 2 in Fighting
   672 | D:1      | Reached XP level 3. HP: 9/28 MP: 0/0
   672 | D:1      | Learned a level 1 spell: Foxfire
  1261 | D:2      | Reached XP level 4. HP: 32/34 MP: 0/0
  1771 | D:3      | Reached skill level 3 in Fighting
  1861 | D:3      | Reached XP level 5. HP: 23/40 MP: 0/0
  1861 | D:3      | Learned a level 2 spell: Ensorcelled Hibernation
  1955 | D:3      | Found a runed translucent door.
  1958 | D:3      | Noticed TheLasagnaBaron's ghost (amateur GrEE)
  2598 | D:4      | Found a transporter.
  2766 | D:4      | Found a transporter.
  2770 | D:4      | Noticed BubbleThief's ghost (novice HOFi)
  3054 | D:4      | Reached XP level 6. HP: 45/47 MP: 0/0
  3058 | D:4      | Reached skill level 4 in Spellcasting
  3058 | D:4      | Reached skill level 4 in Conjurations
  3058 | D:4      | Reached skill level 4 in Hexes
  3058 | D:4      | Reached skill level 4 in Summonings
  3058 | D:4      | Reached skill level 4 in Necromancy
  3058 | D:4      | Reached skill level 4 in Translocations
  3058 | D:4      | Reached skill level 4 in Fire Magic
  3058 | D:4      | Reached skill level 4 in Ice Magic
  3058 | D:4      | Reached skill level 4 in Air Magic
  3058 | D:4      | Reached skill level 4 in Earth Magic
  3058 | D:4      | Reached skill level 4 in Alchemy
  3060 | D:4      | Reached skill level 4 in Fighting
  3066 | D:4      | Found a glowing drain.
  3074 | Sewer    | Entered a sewer
  3206 | Sewer    | Noticed Pargi
  3214 | Sewer    | Killed Pargi
  3338 | Sewer    | Identified the +10 hand axe of the Six Queens {heavy,
                  | +Blink rC+ Int+3 Dex-4}
  3587 | D:5      | Entered Level 5 of the Dungeon
  3594 | D:5      | Noticed a black bear
  3598 | D:5      | Killed a black bear
  3599 | D:5      | Reached XP level 7. HP: 52/53 MP: 0/0
  3599 | D:5      | Learned a level 2 spell: Momentum Strike
  3602 | D:5      | Reached skill level 5 in Fighting
  3669 | D:5      | Reached skill level 5 in Spellcasting
  3669 | D:5      | Reached skill level 5 in Conjurations
  3669 | D:5      | Reached skill level 5 in Hexes
  3669 | D:5      | Reached skill level 5 in Summonings
  3669 | D:5      | Reached skill level 5 in Necromancy
  3669 | D:5      | Reached skill level 5 in Translocations
  3669 | D:5      | Reached skill level 5 in Fire Magic
  3669 | D:5      | Reached skill level 5 in Ice Magic
  3669 | D:5      | Reached skill level 5 in Air Magic
  3669 | D:5      | Reached skill level 5 in Earth Magic
  3669 | D:5      | Reached skill level 5 in Alchemy
  3808 | D:5      | Reached XP level 8. HP: 59/61 MP: 0/0
  3846 | D:5      | Reached skill level 6 in Fighting
  4210 | D:5      | Found a staircase to the Ecumenical Temple.
  4421 | Temple   | Entered the Ecumenical Temple
  4430 | Temple   | Became a worshipper of the Shining One
  4493 | D:6      | Found Yram Myq's Distillery.
  4515 | D:6      | Found Yrushraod's Distillery.
  4520 | D:6      | Bought a potion of heal wounds for 55 gold pieces
  4550 | D:6      | Found Asahiez's Distillery.
  4774 | D:6      | Found Rouhuat's Weapon Emporium.
  5431 | D:6      | Reached skill level 7 in Fighting
  5434 | D:6      | Reached skill level 6 in Spellcasting
  5434 | D:6      | Reached skill level 6 in Conjurations
  5434 | D:6      | Reached skill level 6 in Hexes
  5434 | D:6      | Reached skill level 6 in Summonings
  5434 | D:6      | Reached skill level 6 in Necromancy
  5434 | D:6      | Reached skill level 6 in Translocations
  5434 | D:6      | Reached skill level 6 in Fire Magic
  5434 | D:6      | Reached skill level 6 in Ice Magic
  5434 | D:6      | Reached skill level 6 in Air Magic
  5434 | D:6      | Reached skill level 6 in Earth Magic
  5434 | D:6      | Reached skill level 6 in Alchemy
  5780 | D:7      | Found a sand-covered staircase.
  5780 | D:7      | Reached * piety under the Shining One
  5785 | D:7      | Reached XP level 9. HP: 67/68 MP: 0/0
  5785 | D:7      | Learned a level 3 spell: Confusing Touch
  5791 | Ossuary  | Entered an ossuary
  5834 | Ossuary  | Reached ** piety under the Shining One
  5922 | Ossuary  | Reached *** piety under the Shining One
  5927 | Ossuary  | Reached skill level 8 in Fighting
  6191 | D:7      | Reached **** piety under the Shining One
  6235 | D:7      | Reached skill level 7 in Spellcasting
  6235 | D:7      | Reached skill level 7 in Conjurations
  6235 | D:7      | Reached skill level 7 in Hexes
  6235 | D:7      | Reached skill level 7 in Summonings
  6235 | D:7      | Reached skill level 7 in Necromancy
  6235 | D:7      | Reached skill level 7 in Translocations
  6235 | D:7      | Reached skill level 7 in Fire Magic
  6235 | D:7      | Reached skill level 7 in Ice Magic
  6235 | D:7      | Reached skill level 7 in Air Magic
  6235 | D:7      | Reached skill level 7 in Earth Magic
  6235 | D:7      | Reached skill level 7 in Alchemy
  6399 | D:7      | Reached skill level 9 in Fighting
  6557 | D:7      | Found a runed translucent gate.
  6557 | D:7      | Found a runed translucent gate.
  6557 | D:7      | Found a runed translucent gate.
  6558 | D:7      | Noticed Vadun's ghost (novice TrMo)
  6572 | D:7      | Found a hide-covered altar of Uskayaw.
  6578 | D:7      | Found an iron altar of Okawaru.
  7402 | D:8      | Found Jaonema's Neck Hole.
  7410 | D:8      | Bought a +2 cloak of preservation for 258 gold pieces
  7525 | D:8      | Reached XP level 10. HP: 28/78 MP: 0/0
  8048 | D:9      | Reached skill level 10 in Fighting
  8062 | D:9      | Reached skill level 8 in Spellcasting
  8062 | D:9      | Reached skill level 8 in Conjurations
  8062 | D:9      | Reached skill level 8 in Hexes
  8062 | D:9      | Reached skill level 8 in Summonings
  8062 | D:9      | Reached skill level 8 in Necromancy
  8062 | D:9      | Reached skill level 8 in Translocations
  8062 | D:9      | Reached skill level 8 in Fire Magic
  8062 | D:9      | Reached skill level 8 in Ice Magic
  8062 | D:9      | Reached skill level 8 in Air Magic
  8062 | D:9      | Reached skill level 8 in Earth Magic
  8062 | D:9      | Reached skill level 8 in Alchemy
  8090 | D:9      | Noticed Psyche
  8096 | D:9      | Killed Psyche
  8101 | D:9      | Noticed a kobold demonologist
  8107 | D:9      | Killed a kobold demonologist
  8458 | D:9      | Reached skill level 11 in Fighting
  8714 | D:10     | Entered Level 10 of the Dungeon
  8714 | D:10     | Found Wuenguf's Armour Emporium.
  8714 | D:10     | Noticed a gargoyle
  8723 | D:10     | Noticed a komodo dragon
  9011 | D:9      | Killed a komodo dragon
  9012 | D:9      | Reached skill level 9 in Spellcasting
  9012 | D:9      | Reached skill level 9 in Conjurations
  9012 | D:9      | Reached skill level 9 in Hexes
  9012 | D:9      | Reached skill level 9 in Summonings
  9012 | D:9      | Reached skill level 9 in Necromancy
  9012 | D:9      | Reached skill level 9 in Translocations
  9012 | D:9      | Reached skill level 9 in Fire Magic
  9012 | D:9      | Reached skill level 9 in Ice Magic
  9012 | D:9      | Reached skill level 9 in Air Magic
  9012 | D:9      | Reached skill level 9 in Earth Magic
  9012 | D:9      | Reached skill level 9 in Alchemy
  9012 | D:9      | Reached XP level 11. HP: 74/87 MP: 0/0
  9012 | D:9      | Learned a level 4 spell: Flame Wave
  9176 | D:10     | Reached ***** piety under the Shining One
  9220 | D:10     | Found Laffeytiyd's Antique Weapon Shoppe.
  9283 | D:10     | Reached skill level 12 in Fighting
  9289 | D:10     | Found a staircase to the Orcish Mines.
  9455 | D:10     | Found Azxoext's Jewellery Boutique.
  9466 | D:10     | Found Qoxupp's Weapon Shoppe.
  9522 | D:10     | Found Lil Puba's Antique Armour Shoppe.
  9530 | D:10     | Bought a pitted ring mail for 207 gold pieces
  9530 | D:10     | Identified the +1 ring mail of the Bulwark {Will+} (You
                  | bought it in a shop on level 10 of the Dungeon)
  9904 | D:11     | Found Dutumm's Serpentskin Sales.
 10091 | D:11     | Identified a potion of resistance
 10121 | D:11     | Found a staircase to the Lair.
 10121 | D:11     | Noticed an elephant
 10134 | D:11     | Killed an elephant
 10151 | D:11     | Noticed a boulder beetle
 10249 | D:11     | Found Yrergh's Magic Scroll Boutique.
 10254 | D:11     | Bought a scroll of identify for 22 gold pieces
 10254 | D:11     | Bought a scroll of identify for 22 gold pieces
 10313 | D:11     | Reached skill level 10 in Spellcasting
 10313 | D:11     | Reached skill level 10 in Conjurations
 10313 | D:11     | Reached skill level 10 in Hexes
 10313 | D:11     | Reached skill level 10 in Summonings
 10313 | D:11     | Reached skill level 10 in Necromancy
 10313 | D:11     | Reached skill level 10 in Translocations
 10313 | D:11     | Reached skill level 10 in Fire Magic
 10313 | D:11     | Reached skill level 10 in Ice Magic
 10313 | D:11     | Reached skill level 10 in Air Magic
 10313 | D:11     | Reached skill level 10 in Earth Magic
 10313 | D:11     | Reached skill level 10 in Alchemy
 10428 | D:11     | Killed a boulder beetle
 10553 | D:11     | Noticed a red ugly thing
 10562 | D:11     | Killed a red ugly thing
 10563 | D:11     | Reached skill level 13 in Fighting
 10704 | D:11     | Reached XP level 12. HP: 70/98 MP: 0/0
 11501 | Lair:1   | Entered Level 1 of the Lair of Beasts
 11519 | Lair:1   | Found a runed translucent gate.
 11519 | Lair:1   | Found a runed translucent gate.
 11519 | Lair:1   | Found a runed translucent gate.
 11520 | Lair:1   | Noticed BubbleThief's ghost (novice NaCA)
 11521 | Lair:1   | Noticed olmar's ghost (journeyman DsSh)
 11521 | Lair:1   | Noticed whatisthis's ghost (journeyman SpHu)
 11717 | Lair:1   | Identified the +4 quarterstaff "Lifebane" {flame, rElec
                  | Int+3}
 11784 | Lair:1   | Reached skill level 14 in Fighting
 11784 | Lair:1   | Reached skill level 11 in Spellcasting
 11784 | Lair:1   | Reached skill level 11 in Conjurations
 11784 | Lair:1   | Reached skill level 11 in Hexes
 11784 | Lair:1   | Reached skill level 11 in Summonings
 11784 | Lair:1   | Reached skill level 11 in Necromancy
 11784 | Lair:1   | Reached skill level 11 in Translocations
 11784 | Lair:1   | Reached skill level 11 in Fire Magic
 11784 | Lair:1   | Reached skill level 11 in Ice Magic
 11784 | Lair:1   | Reached skill level 11 in Air Magic
 11784 | Lair:1   | Reached skill level 11 in Earth Magic
 11784 | Lair:1   | Reached skill level 11 in Alchemy
 12055 | Lair:1   | Identified a scroll of acquirement
 12056 | Lair:1   | Acquired the amulet "Cararch" {Regen+ MP+9 Str+3 Stlth+}
 12806 | D:3      | Killed TheLasagnaBaron's ghost
 13032 | D:4      | Killed BubbleThief's ghost
 13654 | Lair:1   | Reached XP level 13. HP: 67/106 MP: 0/0
 13654 | Lair:1   | Learned a level 5 spell: Summon Mana Viper
 13944 | Lair:2   | Reached skill level 15 in Fighting
 13959 | Lair:2   | Was placed under penance by the Shining One
 14064 | Lair:2   | Reached skill level 12 in Spellcasting
 14064 | Lair:2   | Reached skill level 12 in Conjurations
 14064 | Lair:2   | Reached skill level 12 in Hexes
 14064 | Lair:2   | Reached skill level 12 in Summonings
 14064 | Lair:2   | Reached skill level 12 in Necromancy
 14064 | Lair:2   | Reached skill level 12 in Translocations
 14064 | Lair:2   | Reached skill level 12 in Fire Magic
 14064 | Lair:2   | Reached skill level 12 in Ice Magic
 14064 | Lair:2   | Reached skill level 12 in Air Magic
 14064 | Lair:2   | Reached skill level 12 in Earth Magic
 14064 | Lair:2   | Reached skill level 12 in Alchemy
 14098 | Lair:2   | Identified the +2 robe of Loahid {-Tele Harm *Slow
                  | Archmagi}
 14408 | Lair:2   | Found a staircase to the Shoals.
 15000 | Lair:3   | Reached skill level 16 in Fighting
 15023 | Lair:3   | Found a staircase to the Snake Pit.
 15596 | Lair:4   | Fell from the grace of the Shining One
 15833 | Lair:4   | Noticed an eight-headed hydra
 15843 | Lair:4   | Killed an eight-headed hydra
 15859 | Lair:4   | Reached XP level 14. HP: 103/117 MP: 0/0
 15993 | Lair:4   | Reached skill level 13 in Spellcasting
 15993 | Lair:4   | Reached skill level 13 in Conjurations
 15993 | Lair:4   | Reached skill level 13 in Hexes
 15993 | Lair:4   | Reached skill level 13 in Summonings
 15993 | Lair:4   | Reached skill level 13 in Necromancy
 15993 | Lair:4   | Reached skill level 13 in Translocations
 15993 | Lair:4   | Reached skill level 13 in Fire Magic
 15993 | Lair:4   | Reached skill level 13 in Ice Magic
 15993 | Lair:4   | Reached skill level 13 in Air Magic
 15993 | Lair:4   | Reached skill level 13 in Earth Magic
 15993 | Lair:4   | Reached skill level 13 in Alchemy
 16709 | Lair:4   | Acquired 672 gold pieces
 16710 | Lair:4   | Acquired the ring "Uzode" {rElec Will+ AC+4}
 16737 | Lair:5   | Entered Level 5 of the Lair of Beasts
 16751 | Lair:5   | Reached skill level 17 in Fighting
 17594 | Lair:5   | Found a staircase to the Slime Pits.
 17733 | Lair:5   | Found a viscous altar of Jiyva.
 19163 | Lair:5   | Reached skill level 14 in Spellcasting
 19163 | Lair:5   | Reached skill level 14 in Conjurations
 19163 | Lair:5   | Reached skill level 14 in Hexes
 19163 | Lair:5   | Reached skill level 14 in Summonings
 19163 | Lair:5   | Reached skill level 14 in Necromancy
 19163 | Lair:5   | Reached skill level 14 in Translocations
 19163 | Lair:5   | Reached skill level 14 in Fire Magic
 19163 | Lair:5   | Reached skill level 14 in Ice Magic
 19163 | Lair:5   | Reached skill level 14 in Air Magic
 19163 | Lair:5   | Reached skill level 14 in Earth Magic
 19163 | Lair:5   | Reached skill level 14 in Alchemy
 19163 | Lair:5   | Reached XP level 15. HP: 117/126 MP: 0/0
 19163 | Lair:5   | Learned a level 6 spell: Sculpt Simulacrum
 19439 | Orc:1    | Entered Level 1 of the Orcish Mines
 19446 | Orc:1    | Reached skill level 18 in Fighting
 19973 | Orc:1    | Found a runed translucent gate.
 19973 | Orc:1    | Found a runed translucent gate.
 19973 | Orc:1    | Found a runed translucent gate.
 19976 | Orc:1    | Noticed Pooter's ghost (novice MiBe)
 19981 | Orc:1    | Found an iron altar of Okawaru.
 20166 | Orc:2    | Entered Level 2 of the Orcish Mines
 20166 | Orc:2    | Noticed Saint Roka
 20188 | Orc:2    | Noticed an orc warlord
 21312 | Orc:2    | HP: 12/126 [Saint Roka/divine providence (9)]
 21313 | Orc:2    | Annihilated by an orc warlord

Vanquished Creatures
  A hydra (Lair:4)
  An ice dragon (Lair:5)
  A boulder beetle (D:11)
  3 skysharks
  A swamp dragon (Lair:5)
  3 lindwurms (Lair:5)
  An orc sorcerer (Orc:1)
  A deep elf pyromancer (D:12)
  3 manticores
  An ugly thing (D:11)
  A kobold blastminer (Orc:2)
  The ghost of BubbleThief the Cleaver, a novice HOFi of Makhleb (D:4)
  2 black mambas
  5 torpor snails
  A gargoyle (D:10)
  4 elephants
  3 cane toads
  5 rime drakes
  A kobold demonologist (D:9)
  12 komodo dragons
  Psyche (D:9)
  4 trolls
  4 tyrant leeches (Lair:5)
  11 blink frogs
  11 dream sheep
  4 hornets (Lair:5)
  A shadow (D:9)
  3 vampires
  A water elemental (D:12)
  3 wraiths
  10 basilisks
  10 wyverns
  45 yaks
  10 steam dragons
  3 wargs (Orc:1)
  18 water moccasins
  2 acid dragons
  The ghost of TheLasagnaBaron the Digger, an amateur GrEE (D:3)
  A naga (Lair:3)
  3 ice beasts
  16 orc warriors
  A sky beast (D:7)
  3 swamp drakes (Lair:5)
  2 black bears
  Pargi (Sewer)
  3 ogres
  6 wolves (Lair:4)
  A centaur (D:10)
  4 kobold brigands
  4 elf zombies (Ossuary)
  A necrophage (D:4)
  2 scorpions
  8 bullfrogs
  A wyvern zombie (D:4)
  An elf skeleton (D:7)
  4 wights (D:7)
  17 killer bees
  2 howler monkeys (D:9)
  4 electric eels
  A bullfrog zombie (D:4)
  3 centaur zombies
  7 human zombies
  4 hounds
  4 jellies
  2 gnoll boudas
  10 orc priests
  7 iguanas
  18 orc wizards
  12 hell rats
  3 hound zombies (Ossuary)
  2 mummies (Ossuary)
  A howler monkey skeleton (D:4)
  10 gnolls
  9 adders
  A river rat (D:4)
  2 shadow imps
  A white imp (D:7)
  4 ufetubi
  4 adder zombies (Ossuary)
  3 dart slugs
  A ribbon worm (D:3)
  65 orcs
  3 endoplasms
  3 giant cockroaches
  5 gnoll zombies (Ossuary)
  4 goblins
  7 hobgoblins
  7 jackals
  3 quokkas
  3 ball pythons
  4 bats
  2 frilled lizards (D:3)
  2 jackal zombies (Ossuary)
  33 kobolds
  5 kobold zombies (Ossuary)
  2 orc skeletons (D:7)
  8 orc zombies (Ossuary)
  7 rats
  2 butterflies (Lair:2)
552 creatures vanquished.

Vanquished Creatures (collateral kills)
  2 fire dragons (Lair:5)
  A lindwurm (Lair:4)
  An orc knight (Orc:1)
  An orc sorcerer (Orc:1)
  A kobold blastminer (Orc:2)
  2 elephants
  A black mamba (Lair:3)
  2 torpor snails
  A rime drake (Lair:2)
  3 cane toads
  A komodo dragon (Lair:2)
  A troll (Orc:1)
  2 blink frogs
  3 hornets (Lair:5)
  4 yaks
  A basilisk (Lair:4)
  A steam dragon (Lair:5)
  A warg (Orc:1)
  4 water moccasins
  2 orc warriors
  An ogre (Orc:1)
  A bullfrog (Lair:2)
  2 hell rats
  4 iguanas (Lair:2)
  An orc wizard (Orc:1)
  An orc (Orc:1)
  35 foxfires
80 creatures vanquished.

Vanquished Creatures (others)
  2626 foxfires
2626 creatures vanquished.

Grand Total: 3258 creatures vanquished

Table legend: (Time is in decaauts)
 A = Elapsed time spent in this place.
 B = Non-inter-level travel time spent in this place.
 C = Inter-level travel time spent in this place.
 D = Time resting spent in this place.
 E = Time spent auto-exploring this place.
 F = Levels seen in this place.
 G = Mean time per level.
                   A        B        C        D        E       F      G
               +--------+--------+--------+--------+--------+-----+--------+
         Total |  21558 |  20457 |   1101 |   3175 |  12312 |  22 |  979.9 |
       Dungeon |  12116 |  11364 |    752 |    989 |   8073 |  12 | 1009.7 |
        Temple |     18 |      9 |      9 |      0 |      0 |   1 |   18.0 |
          Lair |   6973 |   6673 |    300 |   1361 |   3464 |   5 | 1394.6 |
  Orcish Mines |   1770 |   1732 |     38 |    825 |    433 |   2 |  885.0 |
         Sewer |    307 |    307 |      0 |      0 |    208 |   1 |  307.0 |
       Ossuary |    370 |    370 |      0 |      0 |    134 |   1 |  370.0 |
               +--------+--------+--------+--------+--------+-----+--------+

Top non-repeatable levels by time:
  Lair:5: 2606 daAuts
   Orc:1: 1688 daAuts
     D:7: 1566 daAuts
  Lair:1: 1405 daAuts
     D:4: 1387 daAuts
    D:11: 1316 daAuts
     D:6: 1165 daAuts
  Lair:4: 1112 daAuts
     D:1: 1038 daAuts
     D:9: 989 daAuts
  Lair:3: 977 daAuts
     D:5: 905 daAuts
  Lair:2: 872 daAuts
    D:10: 835 daAuts
     D:3: 791 daAuts

Table legend:
 A = Non-vault XP
 B = Vault XP
 C = Vault XP percentage of total XP
 D = Non-vault monster count
 E = Vault monster count
 F = Vault count percentage of total count
                 A         B        C        D         E       F
            +---------+---------+-------+---------+---------+-------
      Total |   51041 |   28151 |  35.5 |     389 |     206 |  34.6
            +---------+---------+-------+---------+---------+-------
        D:1 |      37 |       0 |   0.0 |      13 |       0 |   0.0
        D:2 |      75 |       0 |   0.0 |      21 |       0 |   0.0
        D:3 |      81 |     148 |  64.6 |      18 |       1 |   5.3
        D:4 |      72 |     775 |  91.5 |      10 |      14 |  58.3
        D:5 |     735 |       0 |   0.0 |      18 |       0 |   0.0
        D:6 |     605 |       0 |   0.0 |      21 |       0 |   0.0
        D:7 |     712 |     214 |  23.1 |      17 |       6 |  26.1
        D:8 |     850 |       0 |   0.0 |      16 |       0 |   0.0
        D:9 |    3237 |     670 |  17.1 |      33 |      11 |  25.0
       D:10 |    1189 |     812 |  40.6 |       7 |      25 |  78.1
       D:11 |    4612 |    1397 |  23.2 |      31 |       7 |  18.4
       D:12 |    1739 |       0 |   0.0 |      11 |       0 |   0.0
     Lair:1 |    8452 |       0 |   0.0 |      35 |       0 |   0.0
     Lair:2 |    4117 |    2128 |  34.1 |      18 |      11 |  37.9
     Lair:3 |    6057 |    1321 |  17.9 |      27 |       5 |  15.6
     Lair:4 |    7561 |    4690 |  38.3 |      28 |      26 |  48.1
     Lair:5 |    5616 |   14520 |  72.1 |      21 |      48 |  69.6
      Orc:1 |    4070 |     517 |  11.3 |      37 |       7 |  15.9
      Orc:2 |    1224 |      43 |   3.4 |       7 |       1 |  12.5
      Sewer |       0 |     135 | 100.0 |       0 |       5 | 100.0
    Ossuary |       0 |     781 | 100.0 |       0 |      39 | 100.0
            +---------+---------+-------+---------+---------+-------
